 Dungeon Crawl Stone Soup version 0.26-a0-1035-g76280ab330 (webtiles) character file.

Game seed: 16764227549803343930

2 Dracia the Sneak (level 1, -1/18 HPs)
             Began as a Merfolk Delver on Dec 10, 2020.
             Slain by an ogre
             ... wielding a +0 giant club
              (19 damage)
             ... on level 5 of the Dungeon.
             The game lasted 00:00:11 (24 turns).

Dracia the Sneak (Merfolk Delver)                     Turns: 24, Time: 00:00:11

Health: -1/18      AC:  3    Str: 12    XL:     1   Next: 30%
Magic:  1/1        EV: 12    Int:  9    God:
Gold:   0          SH:  0    Dex: 15    Spells: 0/0 levels left

rFire    . . .     SeeInvis .   a - +0 spear
rCold    . . .     Faith    .   (no shield)
rNeg     . . .     Spirit   .   b - +0 leather armour
rPois    .         Reflect  .   (no helmet)
rElec    .         Harm     .   (no cloak)
rCorr    .         Rampage  .   (no gloves)
Will     .....                  (no boots)
Stlth    +++.......             (no amulet)
HPRegen  0.06/turn              (no ring)
MPRegen  0.07/turn              (no ring)

@: no status effects
A: change form in water, swift swim, stealthy swim
a: no special abilities


You were on level 5 of the Dungeon.
You visited 1 branch of the dungeon, and saw 1 of its levels.


   Skills:
 - Level 3.2 Fighting
 + Level 3.3 Polearms
 - Level 2.6 Dodging
 - Level 5.4 Stealth


You couldn't memorise any spells.
You didn't know any spells.
Your spell library was empty.

Inventory:

Hand Weapons
 a - a +0 spear (weapon)
Armour
 b - a +0 leather armour (worn)
Wands
 g - a wand of digging (3)
Scrolls
 c - a scroll of fog
 d - a scroll of magic mapping
 e - a scroll of fear
Potions
 f - a potion of haste {@q3@q3}

Dungeon Overview and Level Annotations

Branches:
Dungeon (5/15)
 Temple: D:4-7

Altars:

Shops:
D:5

! #.##......##
#.#..>.....######
.................
#..>...∩..#####
#.##........#
#..........##
#####.#...##
#.##### #@#
......O.#
.#.#.#..# # ##.#
#.# #l# ..# ###


You could see an ogre and an iguana.


Message History

Lua error: /dgldir/rcfiles/crawl-git/Dracia.rc:909: unexpected symbol near '}' Welcome, Dracia the Merfolk Delver.
The bosom of this dungeon contains the awesome artefact, the Orb of Zot.
Press ? for a list of commands and other information.
Found a stone staircase leading down.
Found a stone staircase leading down.
Found a stone staircase leading down.
A leopard gecko comes into view.
Found Ytyral's Distillery.
You reach to attack!
The helpless leopard gecko fails to defend itself.
You hit the leopard gecko.
The leopard gecko is heavily wounded.
You hit the leopard gecko.
You kill the leopard gecko!
No target in view!
There is an entrance to Ytyral's Distillery here.
An iguana comes into view.
An iguana is nearby!
An ogre comes into view. It is wielding a +0 giant club.
The ogre shouts!
The iguana hisses angrily.
You hit the ogre.
The ogre is lightly wounded.
The ogre hits you with a +0 giant club!!
Ouch! That really hurt!
You die...

Action                   || total
-------------------------++-------
Melee: Spear             ||     3
 Stab: Sleeping          ||     1

Levels and vault maps discovered:
D:5:      layout_loops_corners, lemuel_doored_altar, serial_shops,
          nicolae_shop_statue_plus, shop, shop_fountains,
          nicolae_shop_behind_doors, shop, columned_hall_lemuel,
          minmay_misc_feat_hallway

Notes
Turn   | Place    | Note
-------+----------+-------------------------------------------
     0 | D:5      | Dracia the Merfolk Delver began the quest for the Orb.
     0 | D:5      | Reached XP level 1. HP: 18/18 MP: 1/1
     8 | D:5      | Found Ytyral's Distillery.
    22 | D:5      | Noticed an iguana
    23 | D:5      | Noticed an ogre
    24 | D:5      | Slain by an ogre

Vanquished Creatures
  A leopard gecko (D:5)
1 creature vanquished.

Table legend: (Time is in decaauts)
 A = Elapsed time spent in this place.
 B = Non-inter-level travel time spent in this place.
 C = Inter-level travel time spent in this place.
 D = Time resting spent in this place.
 E = Time spent auto-exploring this place.
 F = Levels seen in this place.
 G = Mean time per level.
                   A        B        C        D        E       F      G
               +--------+--------+--------+--------+--------+-----+--------+
         Total |     23 |     23 |      0 |      0 |     16 |   1 |   23.0 |
       Dungeon |     23 |     23 |      0 |      0 |     16 |   1 |   23.0 |
               +--------+--------+--------+--------+--------+-----+--------+

Top non-repeatable levels by time:
     D:5: 23 daAuts

Table legend:
 A = Non-vault XP
 B = Vault XP
 C = Vault XP percentage of total XP
 D = Non-vault monster count
 E = Vault monster count
 F = Vault count percentage of total count
                 A         B        C        D         E       F
            +---------+---------+-------+---------+---------+-------
      Total |       3 |       0 |   0.0 |       1 |       0 |   0.0
            +---------+---------+-------+---------+---------+-------
        D:5 |       3 |       0 |   0.0 |       1 |       0 |   0.0
            +---------+---------+-------+---------+---------+-------
